 Dungeon Crawl Stone Soup version 0.22-a0-268-g1cc83ef (webtiles) character file.

161 tidbits the Insei (level 5, -1/41 HPs)
             Began as a Gnoll Transmuter on Mar 9, 2018.
             Slain by a sky beast (6 damage)
             ... on level 5 of the Dungeon.
             The game lasted 00:06:54 (821 turns).

tidbits the Insei (Gnoll Transmuter)                 Turns: 821, Time: 00:06:54

Health: -1/41      AC:  7    Str: 12    XL:     5   Next: 42%
Magic:  2/12       EV: 24    Int: 17    God:
Gold:   97         SH:  0    Dex: 20    Spells: 5/14 levels left

rFire    . . .     SeeInvis .     - Unarmed
rCold    . . .     Gourm    .   (shield currently unavailable)
rNeg     . . .     Faith    .   (armour currently unavailable)
rPois    x         Spirit   .   (helmet currently unavailable)
rElec    .         Reflect  .   (cloak currently unavailable)
rCorr    .         Harm     .   (gloves currently unavailable)
MR       .....                  (boots currently unavailable)
Stlth    ++........             (no amulet)
HPRegen  0.13/turn              (no ring)
MPRegen  0.13/turn              (no ring)

@: icy armour, spider-form, very slightly contaminated, slow
A: tiny, distributed training, strong nose
a: End Transformation


You were on level 5 of the Dungeon.
You were not hungry.
You were a venomous arachnid creature.
You visited 1 branch of the dungeon, and saw 6 of its levels.

You collected 97 gold pieces.

Inventory:

Hand Weapons
 i - a +1 dagger (melded)
Missiles
 a - 8 arrows
 h - 9 javelins (quivered)
Armour
 b - a +0 robe (melded)
 j - a +0 ring mail
 o - a +0 cloak
 C - a +1 cloak (melded)
 G - a +0 pair of gloves (melded)
Scrolls
 e - a scroll of enchant weapon
 f - a scroll of fog
 l - a scroll of immolation
Potions
 c - a potion of flight {unknown}
 g - a potion of cancellation {unknown}
 k - a potion of lignification
 m - a potion of curing {unknown}
 n - a potion of might {unknown}
 p - 2 potions of mutation {unknown}
Comestibles
 d - 4 rations


   Skills:
 + Level 3.0 Fighting
 + Level 1.4 Short Blades
 + Level 1.4 Long Blades
 + Level 1.4 Axes
 + Level 1.4 Maces & Flails
 + Level 1.4 Polearms
 + Level 1.4 Staves
 + Level 1.4 Slings
 + Level 1.4 Bows
 + Level 1.4 Crossbows
 + Level 1.4 Throwing
 + Level 1.4 Armour
 + Level 4.8 Dodging
 + Level 1.4 Stealth
 + Level 1.4 Shields
 + Level 6.7 Unarmed Combat
 + Level 5.2 Spellcasting
 + Level 1.1 Conjurations
 + Level 1.1 Hexes
 + Level 1.1 Charms
 + Level 1.1 Summonings
 + Level 1.1 Necromancy
 + Level 1.1 Translocations
 + Level 3.9 Transmutations
 + Level 1.1 Fire Magic
 + Level 1.1 Ice Magic
 + Level 1.1 Air Magic
 + Level 1.1 Earth Magic
 + Level 1.1 Poison Magic
 + Level 1.6 Invocations
 + Level 1.4 Evocations


You had 5 spell levels left.
You knew the following spells:

 Your Spells              Type           Power        Failure   Level  Hunger
e - Beastly Appendage     Tmut           ###...       10%         1    None
k - Sticks to Snakes      Tmut           ###.....     13%         2    #......
o - Ozocubu's Armour      Chrm/Ice       #.......     47%         3    ###....
p - Spider Form           Tmut/Pois      ##........   32%         3    ###....


Dungeon Overview and Level Annotations

Branches:
Dungeon (6/15)
 Temple: D:4-7

Altars:
Kikubaaqudgha
Ru
The Shining One

Annotations:
D:6 exclusion: oklob plant


Innate Abilities, Weirdness & Mutations

Your experience applies equally to all skills.
((You have very sharp teeth.))
Your uncanny sense of smell can sniff out nearby items.


Message History

Throwing (i - inventory)
h - 9 javelins (quivered)
Press: ? - help, Shift-Dir - straight line, f - crimson imp
Aim: a crimson imp You throw a javelin.
The javelin barely misses the crimson imp.
Throwing (i - inventory)
h - 8 javelins (quivered)
Press: ? - help, Shift-Dir - straight line, f/p - crimson imp
Aim: a crimson imp You throw a javelin.
The javelin hits the crimson imp.
The crimson imp is heavily wounded.
The crimson imp blinks! x2
Casting: Ozocubu's Armour (safe; 26% risk of failure)
Confirm with . or Enter, or press ? or * to list all spells.
You turn into a venomous arachnid creature.
Your +1 cloak melds into your body.
Your +0 pair of gloves melds into your body.
Your +0 robe melds into your body.
You are feeling hungry.
You closely miss the leopard gecko. The leopard gecko bites you.
* * * LOW HITPOINT WARNING * * *
You hit the leopard gecko but do no damage.
The leopard gecko bites you.
* * * LOW HITPOINT WARNING * * *
You hit the leopard gecko.
The leopard gecko is poisoned.
The leopard gecko is heavily wounded.
The leopard gecko bites you but does no damage.
You hit the leopard gecko.
The leopard gecko looks as sick as possible!
The leopard gecko is almost dead.
You kill the leopard gecko!
The crimson imp closely misses you.
You hit the crimson imp.
The crimson imp is poisoned.
The crimson imp is moderately wounded.
Your transformation is almost over.
The crimson imp laughs crazily.
The crimson imp blinks!
You are no longer corroded.
You see here a leopard gecko corpse.
You bite the crimson imp!
You kill the crimson imp!
Your Fighting skill increases to level 3!
You butcher the leopard gecko corpse.
You see here a chunk of flesh.
Eat a chunk of flesh? (ye/n/q)
You eat the chunk of flesh.
This raw flesh tastes terrible.
Found 9 gold pieces.
You see here a javelin.
h - 8 javelins (gained 1)
There is a stone staircase leading up here.
You see here a javelin.
h - 9 javelins (gained 1)
Your transformation has ended.
Your +1 cloak unmelds from your body.
Your +0 pair of gloves unmelds from your body.
Your +0 robe unmelds from your body.
You climb upwards.
There is a stone staircase leading down here.
Unknown command.
Found a ration.
You see here a ration.
d - 4 rations (gained 1)
Found 2 dark potions.
A sky beast comes into view.
You see here 2 dark potions.
p - 2 dark potions Wield which item (- for none, * to show all)? (? for menu, Esc to quit)
i - a +1 dagger (weapon)
Your icy armour starts to melt.
The helpless sky beast fails to defend itself.
You puncture the sky beast! You punch the sky beast.
The sky beast is moderately wounded.
The sky beast flickers out of sight!
Something hits you but does no damage.
Unknown command.
Casting: Spider Form (safe; 14% risk of failure)
Confirm with . or Enter, or press ? or * to list all spells.
You turn into a venomous arachnid creature.
Your +1 dagger melds into your body.
Your +1 cloak melds into your body.
Your +0 pair of gloves melds into your body.
Your +0 robe melds into your body.
Something hits you but does no damage.
Unknown command.
You hit something but do no damage. Something closely misses you.
You barely miss something. Something barely misses you.
You hit something.
Your icy armour evaporates.
Something hits you.
* * * LOW HITPOINT WARNING * * *
Something shocks you.
* * * LOW HITPOINT WARNING * * *
Casting: Spider Form (safe; 32% risk of failure)
Confirm with . or Enter, or press ? or * to list all spells.
You miscast Ozocubu's Armour.
You are very lightly contaminated with residual magic.
Nothing appears to happen.
Something barely misses you.
Casting: Ozocubu's Armour (slightly dangerous; 47% risk of failure)
Confirm with . or Enter, or press ? or * to list all spells.
A film of ice covers your body! Something hits you.
* * * LOW HITPOINT WARNING * * *
Something shocks you.
You die...

# # # # # #
########. #
#.{...... # # #s#
# #.####.## #
....#...### #####
..........#
......
....#...#.#
.#####
.....##.##.######
.... ##.##.#.....
##.###...........
#.........#.##


There were no monsters in sight!

Vanquished Creatures
  A crimson imp (D:6)
  A worker ant (D:4)
  A howler monkey skeleton (D:5)
  3 adders
  An adder zombie (D:5)
  An adder skeleton (D:6)
  A dart slug (D:2)
  3 leopard geckos
  3 orcs (D:4)
  A ball python (D:4)
  A goblin (D:2)
  5 hobgoblins
  A quokka (D:4)
  A bat (D:1)
  2 frilled lizards
  3 kobolds
  6 rats
35 creatures vanquished.

Vanquished Creatures (collateral kills)
  A worker ant (D:4)
  A worm (D:3)
2 creatures vanquished.

Grand Total: 37 creatures vanquished

Notes
Turn   | Place    | Note
-------+----------+-------------------------------------------
     0 | D:1      | tidbits the Gnoll Transmuter began the quest for the Orb.
     0 | D:1      | Reached XP level 1. HP: 17/17 MP: 6/6
    85 | D:2      | Reached XP level 2. HP: 20/23 MP: 7/7
    89 | D:2      | Learned a level 2 spell: Sticks to Snakes
   271 | D:2      | Reached XP level 3. HP: 8/28 MP: 7/9
   276 | D:2      | Learned a level 3 spell: Spider Form
   310 | D:2      | Reached skill level 5 in Spellcasting
   397 | D:3      | Reached skill level 1 in Invocations
   444 | D:4      | Reached skill level 1 in Short Blades
   444 | D:4      | Reached skill level 1 in Long Blades
   444 | D:4      | Reached skill level 1 in Axes
   444 | D:4      | Reached skill level 1 in Maces & Flails
   444 | D:4      | Reached skill level 1 in Polearms
   444 | D:4      | Reached skill level 1 in Staves
   444 | D:4      | Reached skill level 1 in Slings
   444 | D:4      | Reached skill level 1 in Bows
   444 | D:4      | Reached skill level 1 in Crossbows
   444 | D:4      | Reached skill level 1 in Throwing
   444 | D:4      | Reached skill level 1 in Armour
   444 | D:4      | Reached skill level 1 in Stealth
   444 | D:4      | Reached skill level 1 in Shields
   444 | D:4      | Reached skill level 1 in Evocations
   444 | D:4      | Reached XP level 4. HP: 10/34 MP: 0/11
   508 | D:4      | Reached skill level 1 in Conjurations
   508 | D:4      | Reached skill level 1 in Hexes
   508 | D:4      | Reached skill level 1 in Charms
   508 | D:4      | Reached skill level 1 in Summonings
   508 | D:4      | Reached skill level 1 in Necromancy
   508 | D:4      | Reached skill level 1 in Translocations
   508 | D:4      | Reached skill level 1 in Fire Magic
   508 | D:4      | Reached skill level 1 in Ice Magic
   508 | D:4      | Reached skill level 1 in Air Magic
   508 | D:4      | Reached skill level 1 in Earth Magic
   508 | D:4      | Reached skill level 1 in Poison Magic
   554 | D:4      | Noticed a phantom
   564 | D:5      | Entered Level 5 of the Dungeon
   592 | D:5      | Found a glowing golden altar of the Shining One.
   654 | D:5      | Learned a level 3 spell: Ozocubu's Armour
   691 | D:5      | Reached XP level 5. HP: 35/40 MP: 9/12
   710 | D:5      | Found a sacrificial altar of Ru.
   761 | D:6      | Found an ancient bone altar of Kikubaaqudgha.
   767 | D:6      | Noticed an oklob plant
   790 | D:6      | Reached skill level 3 in Fighting
   806 | D:5      | Noticed a sky beast
   821 | D:5      | Slain by a sky beast

Vault maps used:
D:1:      minmay_arrival_four_houses
D:2:      serial_bayou_ford_a, minmay_split_cup_small
D:3:      kennysheep_cross_room, hex_medium
D:4:      zin_treasury, first_ration, minmay_misc_feat_rows
D:5:      kennysheep_steamy, old_standard_altar, lemuel_coloured_pillars_altar,
          minmay_temple_entry_nine_rooms, basic_altar
D:6:      led_sif_book, serial_shops, shop, kennysheep_mini_moat, shop,
          minmay_misc_feat_encased, lemuel_oklob_altar, uniq_pikel

Skill      XL: |  1  2  3  4  5 |
---------------+----------------+-----
Spellcasting   | 5 |  5.2
Invocations    | 1 |  1.6
Short Blades   | 1 |  1.4
Long Blades    | 1 |  1.4
Axes           | 1 |  1.4
Maces & Flails | 1 |  1.4
Polearms       | 1 |  1.4
Staves         | 1 |  1.4
Slings         | 1 |  1.4
Bows           | 1 |  1.4
Crossbows      | 1 |  1.4
Throwing       | 1 |  1.4
Armour         | 1 |  1.4
Stealth        | 1 |  1.4
Shields        | 1 |  1.4
Evocations     | 1 |  1.4
Conjurations   | 1 |  1.1
Hexes          | 1 |  1.1
Charms         | 1 |  1.1
Summonings     | 1 |  1.1
Necromancy     | 1 |  1.1
Translocations | 1 |  1.1
Fire Magic     | 1 |  1.1
Ice Magic      | 1 |  1.1
Air Magic      | 1 |  1.1
Earth Magic    | 1 |  1.1
Poison Magic   | 1 |  1.1
Fighting       | 3 |  3.0
Dodging        | |  4.8
Unarmed Combat | |  6.7
Transmutations | |  3.9

Action                   |  1- 3 |  4- 6 || total
-------------------------+-------+-------++-------
Melee: Unarmed           |    44 |    47 ||    91
       Bite              |     1 |     1 ||     2
       Kick              |     2 |     3 ||     5
       Headbutt          |     2 |     1 ||     3
       Punch             |       |     2 ||     2
       Dagger            |       |     1 ||     1
Throw: Javelin           |     5 |     3 ||     8
 Cast: Beastly Appendage |     9 |     4 ||    13
       Spider Form       |     4 |     4 ||     8
       Sticks to Snakes  |     2 |     2 ||     4
       Ozocubu's Armour  |       |     4 ||     4
  Use: Scroll            |     4 |     2 ||     6
       Potion            |       |     1 ||     1
 Stab: Sleeping          |     1 |     1 ||     2
  Eat: Chunk             |       |     1 ||     1
Armor: Robe              |     3 |     6 ||     9
       Skin              |       |     3 ||     3
Dodge: Dodged            |    19 |    28 ||    47

Table legend:
 A = Spawn XP
 B = Non-spawn XP
 C = Spawn XP percentage of total XP
 D = Spawn monster count
 E = Non-spawn monster count
 F = Spawn count percentage of total count
 G = Total turns spent on level
                    A         B        C        D         E        F      G
               +---------+---------+-------+---------+---------+-------+---------
         Total |       0 |     230 |   0.0 |       0 |      37 |   0.0 |   821
               +---------+---------+-------+---------+---------+-------+---------
           D:1 |       0 |       7 |   0.0 |       0 |       6 |   0.0 |    71
           D:2 |       0 |      45 |   0.0 |       0 |      12 |   0.0 |   326
           D:3 |       0 |       6 |   0.0 |       0 |       3 |   0.0 |    41
           D:4 |       0 |      76 |   0.0 |       0 |       8 |   0.0 |   126
           D:5 |       0 |      38 |   0.0 |       0 |       5 |   0.0 |   214
           D:6 |       0 |      58 |   0.0 |       0 |       3 |   0.0 |    43
               +---------+---------+-------+---------+---------+-------+---------

Table legend:
 A = Turns spent in this place as a percentage of turns spent in the entire game.
 B = Non-inter-level travel turns spent in this place as a percentage of non-inter-level travel turns spent in the entire game.
 C = Inter-level travel turns spent in this place as a percentage of turns spent in this place.
 D = Turns resting spent in this place as a percentage of non-inter-level travel turns spent in this place.
 E = Turns spent auto-exploring this place as a percentage of non-inter-level travel turns spent in this place.
 F = Non-inter-level travel turns spent in this place divided by the number of levels of this place that you've seen.
                   A       B       C       D       E      F
               +-------+-------+-------+-------+-------+----------------------
         Total | 100.0 | 100.0 |   0.0 |   0.0 |   0.0 | 136.8
       Dungeon | 100.0 | 100.0 |   0.0 |   0.0 |   0.0 | 136.8
               +-------+-------+-------+-------+-------+----------------------

Table legend:
 A = Kills in this place as a percentage of kills in entire the game.
 B = Kills by you in this place as a percentage of kills by you in the entire game.
 C = Kills by friends in this place as a percentage of kills by friends in the entire game.
 D = Other kills in this place as a percentage of other kills in the entire game.
 E = Experience gained in this place as a percentage of experience gained in the entire game.
 F = Experience gained in this place divided by the number of levels of this place that you have seen.
                   A       B       C       D       E      F
               +-------+-------+-------+-------+-------+----------------------
         Total | 100.0 | 100.0 | 100.0 |   N/A | 100.0 |  38.3
       Dungeon | 100.0 | 100.0 | 100.0 |   N/A | 100.0 |  38.3
               +-------+-------+-------+-------+-------+----------------------

Vault maps used:
D:1:      minmay_arrival_four_houses
D:2:      serial_bayou_ford_a, minmay_split_cup_small
D:3:      kennysheep_cross_room, hex_medium
D:4:      zin_treasury, first_ration, minmay_misc_feat_rows
D:5:      kennysheep_steamy, old_standard_altar, lemuel_coloured_pillars_altar,
          minmay_temple_entry_nine_rooms, basic_altar
D:6:      led_sif_book, serial_shops, shop, kennysheep_mini_moat, shop,
          minmay_misc_feat_encased, lemuel_oklob_altar, uniq_pikel
